Map: Stasis LE

Players

XITRIQPETICH - Winner!

  • Race: Terran Terran
  • League: Gold
  • Spawn Location: 1:00

Yocto

  • Race: Zerg Zerg
  • Spawn Location: 11:00

VOD

Have the link to the VOD?

Description

Time

  • Played on: Dec. 15, 2018, 10:48 a.m.
  • Length: 16:19
Show
View Real Time Build Order
Export as new Build Order

XITRIQPETICH Terran - Winner!

Build Orders:  

Get SALT Encoding   

  12  0:01  SCV  
  13  0:13  SCV  
  14  0:22  Supply Depot  
  14  0:25  SCV  
  15  0:45  Barracks  
  15  0:46  SCV  
  16  0:54  Barracks  
  16  0:58  SCV  
  17  1:12  Supply Depot  
  17  1:13  SCV  
  19  1:25  SCV  
  19  1:31  Marine  
  20  1:39  Refinery, Orbital Command  
  20  1:42  Marine  
  21  1:47  Refinery  
  21  1:50  Marine  
  22  2:00  Marine  
  23  2:07  Marine  
  24  2:11  SCV  
  25  2:18  Marine  
  26  2:31  Barracks Tech Lab  
  26  2:35  Command Center  
  26  2:36  SCV  
  27  2:41  Barracks Reactor  
  27  2:48  SCV  
  28  2:57  Factory  
  28  3:02  SCV  
  29  3:11  Supply Depot  
  29  3:14  SCV  
  30  3:33  Supply Depot  
  30  3:37  Marine x2  
  30  3:38  Combat Shield  
  32  3:43  Factory Tech Lab  
  32  3:47  SCV  
  33  3:49  SCV  
  33  3:55  Bunker  
  34  4:02  Marine  
  35  4:07  SCV x2  
  37  4:12  Marine  
  38  4:18  Siege Tank  
  38  4:23  Orbital Command  
  41  4:25  Supply Depot  
  41  4:31  Marine  
  41  4:32  Marauder  
  41  4:35  SCV  
  45  4:42  Marine  
  46  4:46  Engineering Bay  
  46  4:47  SCV  
  46  4:49  Bunker  
  46  4:50  SCV  
  48  5:00  SCV  
  48  5:02  Siege Tank  
  48  5:05  Starport  
  52  5:07  Marine x2  
  52  5:11  Marauder  
  56  5:15  Terran Infantry Weapons Level 1  
  56  5:25  SCV x2  
  58  5:29  Starport  
  58  5:36  Siege Tank  
  61  5:46  Starport Tech Lab  
  61  5:51  Fusion Core  
  61  5:52  SCV x2  
  63  5:58  Refinery  
  63  6:01  Refinery  
  63  6:02  Missile Turret  
  63  6:04  SCV  
  63  6:06  Missile Turret  
  63  6:08  Starport Tech Lab  
  64  6:35  SCV x2  
  66  6:47  SCV x2  
  66  6:53  Supply Depot  
  68  6:54  Armory  
  68  7:15  Supply Depot, Battlecruiser  
  74  7:22  SCV  
  74  7:23  SCV  
  75  7:35  Command Center  
  75  7:40  Battlecruiser  
  75  7:43  Weapon Refit  
  75  7:44  Supply Depot  
  81  7:49  Marine x3  
  84  7:55  Supply Depot  
  84  7:57  Supply Depot  
  84  7:58  Siege Tank  
  87  8:08  Supply Depot  
  87  8:13  SCV x2  
  87  8:18  Supply Depot  
  87  8:19  Terran Vehicle Weapons Level 1, Supply Depot  
  88  8:46  Battlecruiser  
  94  8:56  Battlecruiser  
  94  8:58  SCV x2  
  102  9:05  Supply Depot  
  102  9:10  SCV x2  
  102  9:14  Planetary Fortress  
  104  9:22  SCV x2  
  106  9:30  Armory  
  106  9:34  SCV x2  
  108  9:47  Supply Depot  
  89  10:09  Supply Depot  
  87  10:23  Command Center  
  87  10:32  Supply Depot  
  81  10:55  Supply Depot  
  81  11:01  Marine x2  
  81  11:02  Battlecruiser  
  81  11:03  Battlecruiser  
  95  11:17  Supply Depot  
  89  11:58  Siege Tank  
  89  12:01  SCV x2, Starport  
  94  12:03  Planetary Fortress  
  94  12:06  Refinery  
  94  12:07  Refinery, Battlecruiser x2  
  106  12:13  SCV x2  
  108  12:25  SCV  
  109  12:31  Siege Tank  
  109  12:32  Terran Ship Weapons Level 1, Terran Vehicle And Ship Armor Level 1  
  102  13:04  Command Center  
  102  13:06  Starport Tech Lab  
  102  13:09  Supply Depot  
  102  13:10  Supply Depot  
  102  13:12  SCV x2  
  104  13:24  SCV  
  104  13:25  SCV  
  106  13:30  Battlecruiser x2  
  106  13:33  Supply Depot x2  
  118  13:51  SCV x2  
  120  13:57  Supply Depot  
  120  14:03  SCV  
  107  14:31  Battlecruiser  
  111  14:34  Battlecruiser  
  116  14:52  Siege Tank  
  119  15:24  Siege Tank  
  122  15:45  Supply Depot  
  122  15:46  Supply Depot  
  122  15:47  Supply Depot x2  
  110  16:09  Supply Depot  
Show
View Real Time Build Order
Export as new Build Order

Yocto Zerg 

Build Orders: Hatch First 

Get SALT Encoding   

  12  0:01  Drone  
  13  0:13  Overlord  
  13  0:20  Drone  
  14  0:35  Drone x2  
  16  0:37  Drone  
  16  0:41  Extractor  
  17  0:58  Hatchery  
  17  1:03  Drone  
  17  1:07  Extractor, Drone  
  17  1:25  Spawning Pool  
  17  1:29  Drone  
  17  1:44  Drone x3  
  20  1:57  Overlord  
  20  2:17  Zergling x4  
  20  2:18  Queen  
  20  2:19  Queen  
  26  2:28  Drone x2  
  28  2:32  Drone x2  
  28  2:35  Metabolic Boost  
  30  2:42  Drone  
  31  2:50  Baneling Nest  
  30  2:57  Queen  
  30  2:58  Spine Crawler  
  31  3:03  Zergling x2  
  31  3:04  Zergling x2  
  33  3:15  Drone x3  
  36  3:21  Overlord  
  35  3:34  Hatchery  
  34  3:44  Queen  
  36  3:51  Drone x4  
  40  4:03  Overlord  
  40  4:12  Overlord x2  
  40  4:13  Evolution Chamber  
  39  4:20  Drone x4  
  43  4:26  Overlord  
  43  4:37  Drone x2  
  43  4:38  Extractor  
  44  4:39  Drone x3  
  44  4:40  Drone  
  44  4:42  Overlord  
  48  4:53  Zerg Melee Weapons Level 1  
  48  4:57  Queen  
  50  5:01  Zergling x2  
  50  5:02  Zergling x10  
  56  5:11  Extractor  
  56  5:14  Zergling x12  
  58  5:20  Overlord  
  61  5:26  Lair  
  61  5:31  Drone x4  
  65  5:36  Baneling  
  65  5:40  Baneling x4  
  65  5:41  Baneling x2  
  65  5:47  Drone x3  
  65  5:48  Extractor  
  65  5:49  Drone  
  69  5:50  Drone x2  
  69  5:54  Drone x2  
  72  5:57  Drone  
  72  5:59  Drone  
  72  6:02  Drone  
  75  6:12  Drone x2  
  75  6:13  Drone x4  
  81  6:19  Zergling x2  
  82  6:27  Hatchery  
  82  6:31  Zergling x8  
  82  6:32  Zergling x2, Hydralisk Den  
  85  6:56  Overlord x5  
  85  7:00  Centrifical Hooks, Zerg Ground Armor Level 1  
  84  7:28  Zergling x8  
  84  7:29  Zergling x12  
  93  7:42  Zergling x8  
  93  7:43  Zergling x2  
  98  7:47  Queen  
  100  7:52  Hydralisk x3  
  100  7:53  Hydralisk x5  
  116  8:07  Queen  
  116  8:09  Overlord  
  116  8:10  Overlord x2  
  116  8:11  Zergling x2  
  116  8:12  Zergling x12  
  125  8:18  Spire  
  124  8:27  Overlord  
  124  8:28  Overlord x3  
  118  8:42  Drone x6  
  118  8:43  Drone x2  
  126  9:01  Extractor  
  126  9:02  Extractor, Zergling x6  
  128  9:03  Zergling x10  
  132  9:16  Zergling x12  
  132  9:17  Zergling x14  
  145  9:20  Zerg Ground Armor Level 2  
  145  9:24  Evolution Chamber  
  145  9:26  Drone  
  145  9:31  Baneling x7  
  145  9:32  Baneling x7  
  145  9:33  Baneling x3  
  145  9:36  Drone x2  
  145  9:37  Drone x3  
  150  9:40  Baneling x5  
  150  9:42  Drone x3  
  153  9:56  Hatchery  
  135  10:05  Corruptor  
  135  10:06  Corruptor x6  
  102  10:36  Hydralisk x7  
  102  10:37  Hydralisk x2  
  116  10:51  Hydralisk x5  
  120  10:59  Hydralisk x2  
  112  11:23  Hydralisk Den  
  89  11:59  Drone x9  
  89  12:00  Drone x6  
  104  12:07  Zergling x6  
  107  12:19  Drone x4  
  111  12:25  Spire  
  85  12:49  Hydralisk  
  85  12:50  Hydralisk x12  
  106  12:56  Spore Crawler  
  105  13:02  Queen  
  105  13:04  Spore Crawler x2  
  105  13:08  Hydralisk x3  
  105  13:09  Hydralisk  
  113  13:13  Queen  
  115  13:21  Hydralisk x5  
  125  13:32  Hydralisk  
  125  13:33  Hydralisk x3  
  133  13:43  Hydralisk x2  
  133  13:44  Hydralisk x2  
  141  13:55  Drone x5  
  145  13:56  Drone x3  
  145  13:59  Baneling x2  
  145  14:00  Baneling x4  
  126  14:25  Extractor  
  126  14:26  Extractor  
  120  14:37  Corruptor x4  
  120  14:38  Corruptor x3  
  132  14:49  Hydralisk Den  
Tags
 
League
Gold
Matchup
TvZ
Replay Pack
Yocto
Spawn Locations
Close Positions
Add a new tag
Caveats
  • Supply blocks, unpowered buildings, or Contaminate may cause inaccurate times.
  • Supply counts are checked every 10 seconds.